 Dungeon Crawl Stone Soup version 0.28.0 (webtiles) character file.

Game seed: 15649753744398021576

170 GordonOverkill the Ruffian (level 5, -3/42 HPs)
             Began as a Ghoul Hedge Wizard on Feb 15, 2022.
             Slain by a bullfrog (4 damage)
             ... on level 3 of the Dungeon.
             The game lasted 00:06:56 (6118 turns).

GordonOverkill the Ruffian (Ghoul Hedge Wizard)     Turns: 6118, Time: 00:06:56

Health: -3/42      AC:  7    Str: 16    XL:     5   Next: 50%
Magic:  8/8        EV:  9    Int:  9    God:
Gold:   119        SH:  0    Dex:  8    Spells: 9/9 levels left

rFire   . . .      SeeInvis .     - Unarmed
rCold   + . .      Faith    .   (no shield)
rNeg    + + +      Spirit   .   e - +0 scale mail
rPois   ∞          Reflect  .   c - +0 hat
rElec   .          Harm     .   (no cloak)
rCorr   .          Rampage  .   (no gloves)
Will    .....                   h - +0 pair of boots
Stlth   ..........              (no amulet)
HPRegen 0.00/turn               (no ring)
MPRegen 0.11/turn               (no ring)

@: mighty, inhibited regen
A: claws 1, cold resistance 1, negative energy resistance 3, inhibited
regeneration, torment resistance 2
a: no special abilities


You were on level 3 of the Dungeon.
You visited 1 branch of the dungeon, and saw 4 of its levels.

You collected 119 gold pieces.

Inventory:

Missiles
 b - 2 javelins (quivered)
Armour
 c - a +0 hat (worn)
 e - a +0 scale mail (worn)
 g - a +0 pair of gloves
 h - a +0 pair of boots (worn)
Scrolls
 a - a scroll of teleportation
 k - a scroll of blinking {unknown}
Potions
 d - a potion of berserk rage {unknown}
 i - a potion of lignification {unknown}
 j - a potion of heal wounds {unknown}


   Skills:
 + Level 2.7 Fighting
 + Level 1.1 Throwing
 - Level 1.7 Dodging
 - Level 2.1 Stealth
 * Level 4.2 Unarmed Combat
 - Level 2.6 Spellcasting
 - Level 0.7 Conjurations
 - Level 0.8 Summonings
 - Level 0.8 Translocations


You had 9 spell levels left.
You didn't know any spells.
Your spell library contained the following spells:

 Spells                   Type           Power      Damage    Failure   Level
 Magic Dart               Conj           8%         1d3       65%         1
 Slow                     Hex            4%         N/A       75%         1
 Blink                    Tloc           4%         N/A       77%         2
 Call Imp                 Summ           2%         N/A       77%         2
 Conjure Flame            Conj/Fire      1%         6-21      97%         3
 Mephitic Cloud           Conj/Pois/Air  1%         N/A       97%         3
 Ignite Poison            Fire/Tmut/Pois 1%         N/A       98%         3
 Sticky Flame             Conj/Fire      1%         2d3       100%        4


Dungeon Overview and Level Annotations

Branches:
Dungeon (4/15)
 Temple: D:4-7

Altars:
Gozag
Qazlal

Shops:
D:3 (

Annotations:
D:2 Sigmund, Terence


Innate Abilities, Weirdness & Mutations

You thrive by killing the living.
You are immune to poison.
You have sharp fingernails.
Your flesh is cold resistant. (rC+)
You are immune to negative energy. (rN+++)
You do not regenerate when monsters are visible.
You are immune to unholy pain and torment.


Message History

Unknown command.
The bullfrog barely misses you. The bullfrog hits you.
* * * LOW HITPOINT WARNING * * *
The bullfrog hits you but does no damage.
The bullfrog closely misses you.
There is a stone staircase leading up here.
The bullfrog barely misses you. The bullfrog hits you.
* * * LOW HITPOINT WARNING * * *
You climb upwards.
There is a stone staircase leading down here.
You feel very mighty all of a sudden. The bullfrog barely misses you.
You scratch the bullfrog.
The bullfrog is moderately wounded.
The bullfrog completely misses you. The bullfrog hits you.
* * * LOW HITPOINT WARNING * * *
You closely miss the bullfrog.
The bullfrog is moderately wounded.
The bullfrog hits you.
* * * LOW HITPOINT WARNING * * *
You closely miss the bullfrog.
The bullfrog is moderately wounded.
The bullfrog hits you but does no damage.
You closely miss the bullfrog.
The bullfrog is moderately wounded.
The bullfrog closely misses you.
You scratch the bullfrog.
The bullfrog is moderately wounded.
The bullfrog hits you.
* * * LOW HITPOINT WARNING * * *
The bullfrog hits you but does no damage.
You barely miss the bullfrog.
The bullfrog is moderately wounded.
The bullfrog hits you.
* * * LOW HITPOINT WARNING * * *
You miss the bullfrog. You claw the bullfrog!
The bullfrog is severely wounded.
The bullfrog hits you.
You die...

#.###.###.######...#..
#.........#####.......
#####.###..........###
#.# #########.## #.#
#.# #####.##### #.#
#.........# ##'##
#.###.###.# ##.).##
#.# #@###.# ##.....##
#.# #F#.#.# ##.......#
#.# #.....###.........
#.# #.......'.........
#.# ##....###.........
#.####..#.# ##.......#
#.........# ##.....##
######.#### ##...##
#)# ##+####


You could see a bullfrog.

Vanquished Creatures
  2 orc wizards (D:3)
  5 adders
  3 worms
  2 orcs (D:3)
  8 ball pythons
  11 endoplasms
  2 giant cockroaches (D:3)
  5 hobgoblins
  8 quokkas
  5 bats
  2 frilled lizards
  3 goblins
  5 kobolds
  3 rats
64 creatures vanquished.

Notes
Turn   | Place    | Note
-------+----------+-------------------------------------------
     0 | D:1      | GordonOverkill the Ghoul Hedge Wizard began the quest for
                  | the Orb.
     0 | D:1      | Reached XP level 1. HP: 14/14 MP: 3/3
   127 | D:1      | Reached skill level 1 in Unarmed Combat
   349 | D:1      | Reached XP level 2. HP: 22/22 MP: 0/4
   677 | D:1      | Reached skill level 1 in Fighting
   955 | D:1      | Reached skill level 2 in Unarmed Combat
  1207 | D:1      | Reached XP level 3. HP: 24/28 MP: 6/6
  2916 | D:2      | Noticed Terence
  3007 | D:2      | Reached skill level 3 in Unarmed Combat
  3007 | D:2      | Found a stormy altar of Qazlal.
  3020 | D:2      | Reached XP level 4. HP: 30/36 MP: 0/7
  4002 | D:2      | Noticed Sigmund
  4016 | D:2      | Found a faded altar of an unknown god.
  5055 | D:3      | Reached XP level 5. HP: 42/42 MP: 8/8
  5091 | D:3      | Reached skill level 4 in Unarmed Combat
  5092 | D:3      | Reached skill level 1 in Throwing
  5656 | D:3      | Found Beediem's Weapon Shop.
  5762 | D:3      | Found an opulent altar of Gozag.
  6117 | D:3      | HP: 1/42 [bullfrog (6)]
  6118 | D:3      | Slain by a bullfrog

Illustrated notes

Levels and vault maps discovered:
D:1:      elethiomel_arrival_infinity_welcomes_careful_drivers,
          layout_loops_ring
D:2:      layout_basic, basic_ecumenical_altar, basic_altar, uniq_sigmund,
          uniq_terence
D:3:      layout_loops_corners, old_standard_altar, serial_shops, shop
D:4:      layout_cave_pods, grunt_temple_overflow_open, kennysheep_potato

Skill      XL: |  1  2  3  4  5 |
---------------+----------------+-----
Unarmed Combat | 1 2 3 4 |  4.2
Fighting       | 1 2 |  2.7
Throwing       | 1 |  1.1
Dodging        | |  1.7
Stealth        | |  2.1
Spellcasting   | |  2.6
Conjurations   | |  0.7
Summonings     | |  0.8
Translocations | |  0.8

Action                   |  1- 3 |  4- 6 || total
-------------------------+-------+-------++-------
Melee: Dagger            |     8 |       ||     8
       Unarmed           |    61 |   130 ||   191
       Punch             |     2 |     4 ||     6
Throw: Javelin           |       |     3 ||     3
 Cast: Magic Dart        |    75 |    32 ||   107
  Use: Scroll            |       |     4 ||     4
       Potion            |       |     2 ||     2
Armor: Robe              |    11 |     6 ||    17
       Scale mail        |       |    68 ||    68
Dodge: Dodged            |    48 |    58 ||   106
